[Event "Cape Verde Championship 2019"]
[Site "Ribeira Brava"]
[Date "2019.12.06"]
[Round "1.2"]
[White "Fernandes, Luis De Pina"]
[Black "Monteiro, Antonio David Cabral"]
[Result "0-1"]
[ECO "B06"]
[WhiteElo "1641"]
[BlackElo "1779"]
[Annotator "NA RC"]
[PlyCount "85"]
[EventDate "2019.12.05"]
[EventType "tourn"]
[SourceTitle "playchess.com"]
[Source "ChessBase"]
[SourceQuality "1"]
[TimeControl "40/5400+30:1800+30"]

1. e4 g6 2. d4 Bg7 3. Nf3 d6 4. Be3 c5 5. c3 b6 6. Bb5+ Bd7 7. Bxd7+ Nxd7 8. Nbd2 Ngf6 9. h3 O-O 10. O-O Qc7 11. Rc1 Qb7 12. Qc2 Rac8 13. d5 b5 14. Rfe1 a5 15. Bf4 Rfe8 16. Nf1 c4 17. b4 axb4 18. cxb4 Ra8 19. Re2 Ra4 20. Bd2 Rea8 21. Bc3 Rxa2 22. Qd1 Rxe2 23. Qxe2 Nh5 24. Bxg7 Kxg7 25. Qb2+ Nhf6 26. Nd4 Ne5 27. Rb1 Nd3 28. Qc3 Nxf2 29. Ng3 Nd3 30. Rf1 Qa7 31. Kh2 Qd7 32. Ra1 Rb8 33. Nc6 Rc8 34. Ra7 Rc7 35. Ra8 h5 36. Rd8 h4 37. Rxd7 hxg3+ 38. Kxg3 Rxd7 39. Kf3 Rc7 40. g4 Kf8 41. Qa1 Ke8 42. Qa8+ Kd7 43. Qd8# {[%emt 0:04:46] Ke6} 0-1

[Event "Cape Verde Championship 2019"]
[Site "Ribeira Brava"]
[Date "2019.12.06"]
[Round "1.3"]
[White "Monteiro, Antonio"]
[Black "Barros, Arlindo"]
[Result "0-1"]
[ECO "B23"]
[WhiteElo "1775"]
[BlackElo "1628"]
[Annotator "NA RC"]
[PlyCount "82"]
[EventDate "2019.12.05"]
[EventType "tourn"]
[SourceTitle "playchess.com"]
[Source "ChessBase"]
[SourceQuality "1"]
[TimeControl "40/5400+30:1800+30"]

1. e4 c5 2. Nc3 d6 3. f4 Nf6 4. Nf3 e6 5. Be2 Be7 6. O-O O-O 7. d3 Nc6 8. Kh1 a6 9. Be3 b5 10. a3 Bb7 11. Qe1 d5 12. e5 Ng4 13. Bg1 d4 14. Ne4 Nh6 15. Nfg5 Nf5 16. Bg4 h6 17. Nf3 Rc8 18. Bxf5 exf5 19. Ned2 Qd5 20. Qe2 Nd8 21. Bf2 Ne6 22. Bg3 c4 23. Ne1 Kh7 24. a4 Rfd8 25. axb5 axb5 26. Ra7 Rc7 27. dxc4 bxc4 28. Ra4 d3 29. cxd3 cxd3 30. Qd1 Rdc8 31. Qb3 Qxb3 32. Nxb3 Rc1 33. Nxc1 Rxc1 34. Kg1 d2 35. Rc4 d1=Q 36. Rxc1 Qxc1 37. Nd3 Qc8 38. Rc1 Qd7 39. Rd1 Bc5+ 40. Kh1 Qa4 41. Re1 Qc2 0-1

[Event "Cape Verde Championship 2019"]
[Site "Ribeira Brava"]
[Date "2019.12.05"]
[Round "1.3"]
[White "Monteiro, Antonio"]
[Black "Barros, Arlindo"]
[Result "*"]
[ECO "B23"]
[WhiteElo "1775"]
[BlackElo "1628"]
[Annotator "NA RC"]
[PlyCount "42"]
[EventDate "2019.12.05"]
[EventType "tourn"]
[SourceTitle "playchess.com"]
[Source "ChessBase"]
[SourceQuality "1"]
[TimeControl "40/5400+30:1800+30"]

1. e4 c5 2. Nc3 d6 3. f4 Nf6 4. Nf3 e6 5. Be2 Be7 6. O-O O-O 7. d3 Nc6 8. Kh1 a6 9. Be3 b5 10. a3 Bb7 11. Qe1 d5 12. e5 Ng4 13. Bg1 d4 14. Ne4 Nh6 15. Nfg5 Nf5 16. Bg4 h6 17. Nc3 Rc8 18. Bxf5 exf5 19. Ne2 Qd5 20. Qd2 Nd8 21. Bf2 Ne6 *

[Event "Cape Verde Championship 2019"]
[Site "Ribeira Brava"]
[Date "2019.12.06"]
[Round "1.4"]
[White "Pereira, Eder Marcio"]
[Black "Neves, Diogo Alexandre"]
[Result "1/2-1/2"]
[ECO "E62"]
[WhiteElo "1798"]
[BlackElo "1539"]
[Annotator "NA RC"]
[PlyCount "67"]
[EventDate "2019.12.05"]
[EventType "tourn"]
[SourceTitle "playchess.com"]
[Source "ChessBase"]
[SourceQuality "1"]
[TimeControl "40/5400+30:1800+30"]

1. c4 Nf6 2. g3 g6 3. Bg2 Bg7 4. Nc3 O-O 5. d4 d6 6. Nf3 c6 7. Bg5 Qa5 8. Qd2 e5 9. dxe5 dxe5 10. Ne4 Qxd2+ 11. Nfxd2 Nxe4 12. Nxe4 f6 13. Be3 Rd8 14. O-O Na6 15. a3 Be6 16. b3 Rd7 17. Rad1 Rad8 18. Rxd7 Rxd7 19. Bxa7 b5 20. cxb5 cxb5 21. Nc5 Nxc5 22. Bxc5 Bxb3 23. Bb4 Bc4 24. Re1 Bf8 25. e3 Bxb4 26. axb4 Rd2 27. Bf1 Bxf1 28. Kxf1 Rb2 29. Ra1 Rxb4 30. Ra7 e4 31. Rb7 f5 32. h3 h5 33. g4 fxg4 34. hxg4 1/2-1/2

[Event "Cape Verde Championship 2019"]
[Site "Ribeira Brava"]
[Date "2019.12.06"]
[Round "2.2"]
[White "Barros, Arlindo"]
[Black "Pereira, Eder Marcio"]
[Result "1-0"]
[ECO "D46"]
[WhiteElo "1628"]
[BlackElo "1798"]
[Annotator "NA"]
[PlyCount "64"]
[EventDate "2019.12.05"]
[EventType "tourn"]
[SourceTitle "playchess.com"]
[Source "ChessBase"]
[SourceQuality "1"]
[TimeControl "40/5400+30:1800+30"]

1. d4 d5 2. c4 e6 3. Nf3 Nf6 4. Nc3 c6 5. e3 Be7 6. Qc2 O-O 7. Bd3 Nbd7 8. O-O Re8 9. e4 dxe4 10. Nxe4 Nxe4 11. Bxe4 Nf6 12. Bd3 c5 13. Be3 Qc7 14. Rad1 b6 15. Ng5 h6 16. Bh7+ Kf8 17. Nxf7 Nxh7 18. Qxh7 Kxf7 19. Bxh6 Bf6 20. Rd3 Bb7 21. Rg3 Rg8 22. Qg6+ Kf8 23. Qxf6+ Qf7 24. Qxf7+ Kxf7 25. Be3 cxd4 26. Bxd4 Rad8 27. Bc3 Rd7 28. b3 g6 29. Re1 Rgd8 30. Rge3 Re8 31. Rh3 e5 32. Rh7+ Ke6 1-0

[Event "Cape Verde Championship 2019"]
[Site "Ribeira Brava"]
[Date "2019.12.06"]
[Round "2.3"]
[White "Monteiro, Antonio David Cabral"]
[Black "Monteiro, Antonio"]
[Result "1-0"]
[ECO "A51"]
[WhiteElo "1779"]
[BlackElo "1775"]
[Annotator "NA"]
[PlyCount "81"]
[EventDate "2019.12.05"]
[EventType "tourn"]
[SourceTitle "playchess.com"]
[Source "ChessBase"]
[SourceQuality "1"]
[TimeControl "40/5400+30:1800+30"]

1. d4 Nf6 2. c4 e5 3. d5 Bc5 4. e3 O-O 5. Be2 a5 6. a4 Na6 7. Nc3 d6 8. Bd2 Bf5 9. g4 Bg6 10. h4 Nb4 11. Rc1 Nd3+ 12. Bxd3 Bxd3 13. g5 Nd7 14. b3 f5 15. gxf6 Qxf6 16. Rh2 Qg6 17. Nce2 Rf6 18. Rc3 e4 19. Rc1 Ne5 20. Bc3 Nf3+ 21. Nxf3 Rxf3 22. Kd2 c6 23. Qg1 Bb4 24. Bxb4 axb4 25. Qxg6 hxg6 26. dxc6 bxc6 27. Nf4 Rf8 28. Nxd3 exd3 29. Rf1 R8f5 30. Kxd3 Kf7 31. Ke2 Ke6 32. Rg2 Rf6 33. Rg3 R3f5 34. f4 d5 35. cxd5+ Rxd5 36. Rg5 Rd8 37. Rc5 Rd6 38. e4 Rd4 39. Rxc6+ Kd7 40. Rxf6 gxf6 41. Rd1 1-0

[Event "Cape Verde Championship 2019"]
[Site "Ribeira Brava"]
[Date "2019.12.06"]
[Round "2.4"]
[White "Barros, Luis"]
[Black "Fernandes, Luis De Pina"]
[Result "1-0"]
[ECO "E62"]
[WhiteElo "1603"]
[BlackElo "1641"]
[Annotator "NA"]
[PlyCount "110"]
[EventDate "2019.12.05"]
[EventType "tourn"]
[SourceTitle "playchess.com"]
[Source "ChessBase"]
[SourceQuality "1"]
[TimeControl "40/5400+30:1800+30"]

1. Nf3 g6 2. c4 Bg7 3. g3 Nf6 4. d4 d6 5. Nc3 O-O 6. Bg5 Re8 7. Qd2 c5 8. d5 Bf5 9. Nh4 Qc8 10. f3 Bd7 11. O-O-O a6 12. e4 b5 13. Bd3 bxc4 14. Bxc4 Bb5 15. Nxb5 axb5 16. Bxb5 Nbd7 17. a4 Qc7 18. Ng2 Reb8 19. Bh6 Nb6 20. Bxg7 Kxg7 21. b3 c4 22. Qc2 Rc8 23. b4 Rab8 24. Rd4 e5 25. dxe6 fxe6 26. Rhd1 d5 27. Nf4 Qe5 28. h4 Na8 29. Ne2 Nc7 30. f4 Qh5 31. Nc3 Nxb5 32. Nxb5 Nxe4 33. Rxe4 dxe4 34. Rd7+ Kg8 35. Qxe4 Qf5 36. Qd4 Qf8 37. Qe5 Re8 38. Nc7 Re7 39. Nxe6 Rxe6 40. Qxe6+ Kh8 41. Qe5+ Kg8 42. Qc7 Re8 43. Qxc4+ Kh8 44. Kd2 Qf6 45. Qd4 Qxd4+ 46. Rxd4 Kg7 47. b5 Kf6 48. g4 h5 49. Rd6+ Kf7 50. g5 Re4 51. Rf6+ Ke7 52. a5 Rd4+ 53. Kc3 Rd1 54. b6 Rb1 55. Rxg6 Ke8 1-0

[Event "Cape Verde Championship 2019"]
[Site "Ribeira Brava"]
[Date "2019.12.07"]
[Round "3.2"]
[White "Monteiro, Antonio"]
[Black "Barros, Luis"]
[Result "1-0"]
[ECO "C50"]
[WhiteElo "1775"]
[BlackElo "1603"]
[Annotator "NA RC"]
[PlyCount "29"]
[EventDate "2019.12.05"]
[EventType "tourn"]
[EventCountry "KAP"]
[SourceTitle "playchess.com"]
[Source "ChessBase"]
[SourceQuality "1"]
[TimeControl "40/5400+30:1800+30"]

1. e4 e5 2. Nf3 Nc6 3. Bc4 h6 4. d4 exd4 5. Nxd4 Ne5 6. Bb3 Nf6 7. f4 Nxe4 8. O-O Nc6 9. Nxc6 bxc6 10. Re1 f5 11. Qh5+ Ke7 12. Qf7+ Kd6 13. Rd1+ Kc5 14. Be3+ Kb5 15. Qc4+ 1-0

[Event "Cape Verde Championship 2019"]
[Site "Ribeira Brava"]
[Date "2019.12.07"]
[Round "3.3"]
[White "Pereira, Eder Marcio"]
[Black "Monteiro, Antonio David Cabral"]
[Result "1-0"]
[ECO "A48"]
[WhiteElo "1798"]
[BlackElo "1779"]
[Annotator "NA RC"]
[PlyCount "91"]
[EventDate "2019.12.05"]
[EventType "tourn"]
[EventCountry "KAP"]
[SourceTitle "playchess.com"]
[Source "ChessBase"]
[SourceQuality "1"]
[TimeControl "40/5400+30:1800+30"]

1. d4 Nf6 2. Bf4 d6 3. e3 g6 4. Nf3 Bg7 5. Be2 c6 6. h3 Qa5+ 7. c3 Qb6 8. b3 a5 9. Nbd2 Nd5 10. Nc4 Qc7 11. Qc1 Nxf4 12. exf4 Nd7 13. Qe3 Nf6 14. Ng5 Nd5 15. Qg3 h6 16. Ne4 b5 17. Ne3 Nxe3 18. fxe3 Bf5 19. Nd2 d5 20. O-O O-O 21. Qf3 h5 22. g4 hxg4 23. hxg4 Bd7 24. Kf2 f5 25. gxf5 Bxf5 26. c4 bxc4 27. bxc4 e6 28. cxd5 cxd5 29. Rac1 Qe7 30. Rc5 Qh4+ 31. Qg3 Qxg3+ 32. Kxg3 Rfc8 33. Rfc1 Rxc5 34. dxc5 e5 35. Bg4 exf4+ 36. exf4 Bxg4 37. Kxg4 Rc8 38. c6 Rc7 39. a4 Bf8 40. Kg5 Kg7 41. Nb3 Be7+ 42. Kg4 Bb4 43. Nd4 Kf6 44. Nb5 Rc8 45. c7 Bd2 46. Rc2 1-0

[Event "Cape Verde Championship 2019"]
[Site "Ribeira Brava"]
[Date "2019.12.07"]
[Round "3.4"]
[White "Neves, Diogo Alexandre"]
[Black "Barros, Arlindo"]
[Result "1/2-1/2"]
[ECO "A40"]
[WhiteElo "1539"]
[BlackElo "1628"]
[Annotator "NA RC"]
[PlyCount "60"]
[EventDate "2019.12.05"]
[EventType "tourn"]
[EventCountry "KAP"]
[SourceTitle "playchess.com"]
[Source "ChessBase"]
[SourceQuality "1"]
[TimeControl "40/5400+30:1800+30"]

1. d4 c6 2. c3 Qb6 3. Qb3 d6 4. Bf4 Nf6 5. h3 Qxb3 6. axb3 b6 7. b4 Nbd7 8. Nf3 Bb7 9. Nbd2 e6 10. e3 Be7 11. Bd3 O-O 12. O-O Rfe8 13. Nc4 d5 14. Nd6 Bxd6 15. Bxd6 Ne4 16. Bh2 c5 17. bxc5 bxc5 18. Rfd1 c4 19. Bxe4 dxe4 20. Ne5 Nxe5 21. Bxe5 a5 22. Ra4 Rec8 23. Rda1 Bd5 24. Rxa5 Rxa5 25. Rxa5 Ra8 26. Rxa8+ Bxa8 27. Kf1 Bd5 28. Kg1 Bc6 29. Kf1 Kf8 30. Kg1 Kg8 1/2-1/2

[Event "Cape Verde Championship 2019"]
[Site "Ribeira Brava"]
[Date "2019.12.07"]
[Round "4.2"]
[White "Monteiro, Antonio David Cabral"]
[Black "Neves, Diogo Alexandre"]
[Result "1-0"]
[ECO "E87"]
[WhiteElo "1779"]
[BlackElo "1539"]
[Annotator "NA"]
[PlyCount "81"]
[EventDate "2019.12.05"]
[EventType "tourn"]
[EventCountry "KAP"]
[SourceTitle "playchess.com"]
[Source "ChessBase"]
[SourceQuality "1"]
[TimeControl "40/5400+30:1800+30"]

1. d4 Nf6 2. c4 g6 3. Nc3 Bg7 4. e4 d6 5. f3 O-O 6. Be3 e5 7. d5 Nh5 8. Nge2 f5 9. exf5 gxf5 10. Qd2 f4 11. Bf2 b6 12. Ne4 Bf5 13. N2c3 Nd7 14. Bd3 Kh8 15. O-O-O Nc5 16. Nxc5 bxc5 17. Ne4 Nf6 18. Ng5 Qd7 19. h4 h5 20. Qc2 Nh7 21. Bxf5 Qxf5 22. Qxf5 Rxf5 23. Ne6 Rf7 24. Rd3 Nf8 25. Ng5 Re7 26. Rb3 Bf6 27. Ne4 Nh7 28. Rb7 Rg7 29. g3 fxg3 30. Bxg3 Rag8 31. Bf2 Bd8 32. Kd2 Rf8 33. Ke2 Rg2 34. Rxa7 Rf7 35. Ra8 Rg8 36. Rg1 Rff8 37. Rxg8+ Kxg8 38. a4 Bf6 39. Rxf8+ Kxf8 40. a5 c6 41. a6 1-0

[Event "Cape Verde Championship 2019"]
[Site "Ribeira Brava"]
[Date "2019.12.07"]
[Round "4.3"]
[White "Barros, Luis"]
[Black "Pereira, Eder Marcio"]
[Result "0-1"]
[ECO "C06"]
[WhiteElo "1603"]
[BlackElo "1798"]
[Annotator "NA"]
[PlyCount "84"]
[EventDate "2019.12.05"]
[EventType "tourn"]
[EventCountry "KAP"]
[SourceTitle "playchess.com"]
[Source "ChessBase"]
[SourceQuality "1"]
[TimeControl "40/5400+30:1800+30"]

1. e4 e6 2. d4 d5 3. Nd2 Nf6 4. e5 Nfd7 5. Bd3 c5 6. c3 Nc6 7. Ngf3 g6 8. O-O Bg7 9. Re1 Qb6 10. Rb1 cxd4 11. cxd4 Nxd4 12. Nxd4 Qxd4 13. Nf3 Qb4 14. a3 Qe7 15. Bd2 Qd8 16. Qa4 O-O 17. Qg4 f5 18. exf6 Nxf6 19. Qh4 Nd7 20. Ng5 h6 21. Bxg6 Nf6 22. Nxe6 Bxe6 23. Rxe6 Ne4 24. Qxd8 Raxd8 25. Bxe4 dxe4 26. Bxh6 Bxh6 27. Rxh6 Rd2 28. Rf1 Re8 29. Rh3 Rxb2 30. Re3 Re7 31. g3 b5 32. Rfe1 Rf7 33. R1e2 Rxe2 34. Rxe2 Rf3 35. Re3 a5 36. Kf1 Rxe3 37. fxe3 b4 38. axb4 a4 39. Ke2 a3 40. Kd1 a2 41. Kc2 a1=Q 42. Kb3 Qa6 0-1

[Event "Cape Verde Championship 2019"]
[Site "Ribeira Brava"]
[Date "2019.12.07"]
[Round "4.4"]
[White "Fernandes, Luis De Pina"]
[Black "Monteiro, Antonio"]
[Result "0-1"]
[ECO "B70"]
[WhiteElo "1641"]
[BlackElo "1775"]
[Annotator "NA"]
[PlyCount "92"]
[EventDate "2019.12.05"]
[EventType "tourn"]
[EventCountry "KAP"]
[SourceTitle "playchess.com"]
[Source "ChessBase"]
[SourceQuality "1"]
[TimeControl "40/5400+30:1800+30"]

1. e4 c5 2. Nf3 g6 3. d4 cxd4 4. Nxd4 Nf6 5. Nc3 d6 6. Bb5+ Bd7 7. Bxd7+ Nbxd7 8. O-O Bg7 9. Be3 O-O 10. Rb1 Rc8 11. f3 a6 12. Qd2 Ne5 13. b3 Qa5 14. Nd5 Qxd2 15. Nxe7+ Kh8 16. Bxd2 Rc7 17. Nd5 Nxd5 18. exd5 Nd7 19. Be3 Rc3 20. Bf2 Kg8 21. Rbc1 Rfc8 22. Rfe1 Ne5 23. Rcd1 Kf8 24. Re2 Nd7 25. Rdd2 R8c5 26. b4 R5c4 27. b5 Ra3 28. bxa6 Rxa6 29. Nb5 Bc3 30. Nxc3 Rxc3 31. Bd4 Rc4 32. c3 b5 33. Rb2 Ra5 34. Rb1 Rc8 35. a4 bxa4 36. Rb7 Rd8 37. Ra2 Rxd5 38. Rxa4 Nc5 39. Bxc5 dxc5 40. Rc7 R8d7 41. Rc8+ Ke7 42. Ra6 Rb7 43. Rac6 Rb2 44. R8c7+ Kf8 45. h3 Rg5 46. g4 Rd5 0-1

[Event "Cape Verde Championship 2019"]
[Site "Ribeira Brava"]
[Date "2019.12.08"]
[Round "5.2"]
[White "Pereira, Eder Marcio"]
[Black "Fernandes, Luis De Pina"]
[Result "1-0"]
[ECO "B07"]
[WhiteElo "1798"]
[BlackElo "1641"]
[Annotator "NA RC"]
[PlyCount "65"]
[EventDate "2019.12.05"]
[EventType "tourn"]
[EventCountry "KAP"]
[SourceTitle "playchess.com"]
[Source "ChessBase"]
[SourceQuality "1"]
[TimeControl "40/5400+30:1800+30"]

1. d4 Nf6 2. Bf4 g6 3. Nc3 Bg7 4. e4 d6 5. Qd2 O-O 6. O-O-O c6 7. Be2 Nbd7 8. e5 Ne8 9. h4 dxe5 10. dxe5 Qa5 11. h5 Bxe5 12. hxg6 fxg6 13. Bc4+ Kh8 14. Bg3 Bg7 15. Nf3 Nef6 16. Ng5 Nd5 17. Rxh7+ Kg8 18. Rxg7+ Kxg7 19. Ne6+ Kf7 20. Nxf8 Kxf8 21. Qh6+ Kf7 22. Qh7+ Kf8 23. Bf4 N7f6 24. Bh6+ Ke8 25. Qxg6+ Kd8 26. Bg5 Kc7 27. Bxf6 exf6 28. Bxd5 cxd5 29. Nxd5+ Kc6 30. Qxf6+ Kb5 31. c4+ Kxc4 32. b3+ Kb5 33. a4+ 1-0

[Event "Cape Verde Championship 2019"]
[Site "Ribeira Brava"]
[Date "2019.12.08"]
[Round "5.3"]
[White "Neves, Diogo Alexandre"]
[Black "Barros, Luis"]
[Result "1-0"]
[ECO "D00"]
[WhiteElo "1539"]
[BlackElo "1603"]
[Annotator "NA RC"]
[PlyCount "73"]
[EventDate "2019.12.05"]
[EventType "tourn"]
[EventCountry "KAP"]
[SourceTitle "playchess.com"]
[Source "ChessBase"]
[SourceQuality "1"]
[TimeControl "40/5400+30:1800+30"]

1. d4 Nf6 2. Bf4 Nc6 3. e3 d5 4. c3 a6 5. Bd3 e6 6. Nf3 Nh5 7. Bg3 g6 8. Bh4 Be7 9. Bxe7 Qxe7 10. Nbd2 e5 11. dxe5 Nxe5 12. Nxe5 Qxe5 13. Nf3 Qe7 14. h3 O-O 15. O-O b5 16. a3 c5 17. Be2 Bb7 18. Rc1 Rfe8 19. Re1 Nf6 20. Qc2 Rac8 21. Qd2 Ne4 22. Qd1 Qd6 23. Bd3 f5 24. Bxe4 fxe4 25. Nh2 Rc7 26. Rc2 Bc8 27. Rd2 Re5 28. f4 exf3 29. Nxf3 Rh5 30. Ree2 Rf7 31. e4 Bxh3 32. Rxd5 Rxd5 33. Qxd5 Qf4 34. Ng5 Bg4 35. Nxf7 Bxe2 36. Ng5+ Kg7 37. Ne6+ 1-0

[Event "Cape Verde Championship 2019"]
[Site "Ribeira Brava"]
[Date "2019.12.08"]
[Round "5.4"]
[White "Barros, Arlindo"]
[Black "Monteiro, Antonio David Cabral"]
[Result "0-1"]
[ECO "B08"]
[WhiteElo "1628"]
[BlackElo "1779"]
[Annotator "NA RC"]
[PlyCount "164"]
[EventDate "2019.12.05"]
[EventType "tourn"]
[EventCountry "KAP"]
[SourceTitle "playchess.com"]
[Source "ChessBase"]
[SourceQuality "1"]
[TimeControl "40/5400+30:1800+30"]

1. e4 d6 2. d4 Nf6 3. Nc3 g6 4. Nf3 Bg7 5. Be3 Nbd7 6. h3 b6 7. e5 Ng8 8. Bb5 e6 9. Qd2 Bb7 10. exd6 cxd6 11. d5 e5 12. Ne4 Qe7 13. Qb4 Bf8 14. Bg5 f6 15. Bxd7+ Kxd7 16. Qb5+ Kd8 17. Be3 Qd7 18. Qb3 Ke7 19. O-O h6 20. c4 f5 21. Nc3 g5 22. Nh2 Nf6 23. f3 Bg7 24. Rae1 Kf7 25. Nb5 Rhe8 26. Qa3 Bf8 27. Qb3 Be7 28. Qd3 Kg7 29. a4 a6 30. Nc3 Bd8 31. b3 Bc7 32. Qd2 Qf7 33. Qf2 Nd7 34. Qc2 Rf8 35. Qd2 Qh5 36. Ne2 Qg6 37. Qc3 Qf6 38. Bf2 Bc8 39. Ng3 Kg6 40. Ne2 Qe7 41. f4 e4 42. fxg5 hxg5 43. Nd4 Ne5 44. Re3 Bd7 45. Be1 Rac8 46. Kh1 Bd8 47. Qa1 Bc7 48. Bd2 Rf7 49. Rg3 g4 50. hxg4 fxg4 51. Rxf7 Qxf7 52. Qe1 Bf5 53. Qe3 Qf6 54. Qh6+ Kf7 55. Nxf5 Qxf5 56. Qf4 Kg6 57. Qh6+ Kf7 58. Qf4 Kg6 59. Nxg4 Qxf4 60. Bxf4 Nxg4 61. Rxg4+ Kf5 62. Rh4 Bd8 63. Rh6 Kxf4 64. Rxd6 Ke3 65. Kg1 Kd2 66. Re6 e3 67. Kf1 Bh4 68. g4 Rf8+ 69. Kg2 e2 70. b4 e1=Q 71. Rxe1 Kxe1 72. c5 bxc5 73. bxc5 Bf2 74. c6 Rc8 75. Kf3 Bb6 76. Ke4 Bc7 77. Kd4 Rg8 78. Ke4 Rxg4+ 79. Kf5 Rxa4 80. Ke6 Rd4 81. Kd7 Bg3 82. c7 Bxc7 0-1

[Event "Cape Verde Championship 2019"]
[Site "Ribeira Brava"]
[Date "2019.12.08"]
[Round "6.2"]
[White "Barros, Luis"]
[Black "Barros, Arlindo"]
[Result "1-0"]
[ECO "B55"]
[WhiteElo "1603"]
[BlackElo "1628"]
[Annotator "NA RC"]
[PlyCount "105"]
[EventDate "2019.12.05"]
[EventType "tourn"]
[EventCountry "KAP"]
[SourceTitle "playchess.com"]
[Source "ChessBase"]
[SourceQuality "1"]
[TimeControl "40/5400+30:1800+30"]

1. Nf3 c5 2. e4 d6 3. d4 cxd4 4. Nxd4 Nf6 5. Bd3 Qb6 6. O-O Nbd7 7. c3 e6 8. Nd2 Be7 9. Nc4 Qd8 10. f4 O-O 11. e5 dxe5 12. fxe5 Nd5 13. Qh5 g6 14. Qg4 Nc5 15. Bc2 f5 16. Qh3 Bg5 17. b4 Bxc1 18. Raxc1 Nxb4 19. Rfd1 Nd5 20. Qh6 Qe7 21. Nd6 Nxc3 22. Rf1 Nxa2 23. Rce1 Nb4 24. Rf3 Nxc2 25. Nxc2 b6 26. Nd4 Bb7 27. Rh3 Bd5 28. Nf3 Bxf3 29. gxf3 Qg7 30. Qg5 Nd3 31. Re2 Nxe5 32. f4 Ng4 33. Rd3 h6 34. Qh4 Qf6 35. Qe1 h5 36. Rxe6 Qh8 37. Rxg6+ Kh7 38. Rg5 Kh6 39. Nxf5+ Rxf5 40. Rxf5 Rg8 41. Rxh5+ Kxh5 42. Rh3+ Kg6 43. Rxh8 Rxh8 44. Qe6+ Nf6 45. f5+ Kg7 46. Qe7+ Kg8 47. Qxf6 Rh7 48. Qd8+ Kg7 49. f6+ Kg6 50. Qg8+ Kh6 51. Kf2 a5 52. h4 a4 53. Qg5# 1-0

[Event "Cape Verde Championship 2019"]
[Site "Ribeira Brava"]
[Date "2019.12.08"]
[Round "6.3"]
[White "Fernandes, Luis De Pina"]
[Black "Neves, Diogo Alexandre"]
[Result "1-0"]
[ECO "E92"]
[WhiteElo "1641"]
[BlackElo "1539"]
[Annotator "NA RC"]
[PlyCount "89"]
[EventDate "2019.12.05"]
[EventType "tourn"]
[EventCountry "KAP"]
[SourceTitle "playchess.com"]
[Source "ChessBase"]
[SourceQuality "1"]
[TimeControl "40/5400+30:1800+30"]

1. d4 Nf6 2. c4 g6 3. Nc3 Bg7 4. Nf3 d6 5. e4 O-O 6. Be2 e5 7. dxe5 dxe5 8. Qxd8 Rxd8 9. Bg5 Nbd7 10. Nd5 b6 11. Nxc7 Rb8 12. Nd5 Re8 13. Nd2 Bb7 14. f3 Rbc8 15. Bd3 Re6 16. Bxf6 Bxf6 17. O-O Bg7 18. Rfd1 Nb8 19. Nf1 Nc6 20. b3 Nd4 21. Ng3 Bf8 22. Kf1 Kg7 23. Ne2 Nxe2 24. Kxe2 Bc5 25. Rac1 Bxd5 26. cxd5 Ree8 27. Bb5 Red8 28. Ba6 Rb8 29. a4 Rd6 30. Rc4 Rbd8 31. b4 Bd4 32. Rc7 R6d7 33. Rxd7 Rxd7 34. Rc1 Bb2 35. Rc6 Ba3 36. Rc4 Bb2 37. Kd3 Kf8 38. Rc6 Ke7 39. Bb5 Kd8 40. Rc2 Bd4 41. Bxd7 Kxd7 42. b5 Bc5 43. g3 Kd6 44. f4 Bd4 45. Rc8 {[%emt 0:22:40] Kxd5} 1-0

[Event "Cape Verde Championship 2019"]
[Site "Ribeira Brava"]
[Date "2019.12.09"]
[Round "7.2"]
[White "Neves, Diogo Alexandre"]
[Black "Monteiro, Antonio"]
[Result "1/2-1/2"]
[ECO "D02"]
[WhiteElo "1539"]
[BlackElo "1775"]
[Annotator "NA RC"]
[PlyCount "119"]
[EventDate "2019.12.05"]
[EventType "tourn"]
[EventCountry "KAP"]
[SourceTitle "playchess.com"]
[Source "ChessBase"]
[SourceQuality "1"]
[TimeControl "40/5400+30:1800+30"]

1. d4 Nf6 2. Bf4 c5 3. c3 d5 4. e3 Nc6 5. Nf3 e6 6. Bd3 Bd6 7. Bg3 O-O 8. Nbd2 Re8 9. Ne5 Bxe5 10. dxe5 Nd7 11. Qh5 g6 12. Qh6 Ncxe5 13. Bc2 Ng4 14. Qh4 Qxh4 15. Bxh4 Kg7 16. Nf3 h6 17. h3 Nge5 18. Nxe5 Nxe5 19. Rd1 b6 20. O-O Bb7 21. Rfe1 g5 22. Bg3 Kf6 23. e4 Ng6 24. exd5 exd5 25. Bb3 Rxe1+ 26. Rxe1 h5 27. Ba4 h4 28. Bh2 a6 29. Bc2 Bc6 30. Bxg6 Kxg6 31. Re7 Rg8 32. Bc7 Kf6 33. Re1 b5 34. Bb6 c4 35. Bd4+ Kf5 36. a3 Re8 37. Rxe8 Bxe8 38. g3 hxg3 39. fxg3 Ke4 40. Bf6 Bd7 41. g4 Kf4 42. Kf2 Bc6 43. Bd4 Bd7 44. Bf6 Be6 45. Bd4 f5 46. gxf5 Bxf5 47. Be3+ Ke4 48. Ke2 Bxh3 49. Bxg5 a5 50. Kd2 b4 51. axb4 axb4 52. Bf6 Bf1 53. Bd4 Bd3 54. Bf6 Kf5 55. Bd4 Ke6 56. Bc5 Kd7 57. Bxb4 Kc6 58. Be7 Kb5 59. Bf6 Ka4 60. Kc1 1/2-1/2

[Event "Cape Verde Championship 2019"]
[Site "Ribeira Brava"]
[Date "2019.12.09"]
[Round "7.3"]
[White "Barros, Arlindo"]
[Black "Fernandes, Luis De Pina"]
[Result "1-0"]
[ECO "C56"]
[WhiteElo "1628"]
[BlackElo "1641"]
[Annotator "NA RC"]
[PlyCount "47"]
[EventDate "2019.12.05"]
[EventType "tourn"]
[EventCountry "KAP"]
[SourceTitle "playchess.com"]
[Source "ChessBase"]
[SourceQuality "1"]
[TimeControl "40/5400+30:1800+30"]

1. e4 e5 2. Bc4 Bc5 3. Nf3 Nc6 4. O-O Nf6 5. d4 exd4 6. e5 d5 7. exf6 dxc4 8. Re1+ Be6 9. Ng5 Qxf6 10. Nxe6 fxe6 11. Qh5+ Qf7 12. Qxc5 O-O-O 13. Qxc4 Rhe8 14. Bg5 Rd7 15. Nd2 h6 16. Bh4 Qf4 17. Nf3 e5 18. Bg3 Qf5 19. Rad1 e4 20. Nxd4 Nxd4 21. Rxd4 Qa5 22. Red1 Red8 23. Rxd7 Rxd7 24. Qg8+ 1-0

[Event "Cape Verde Championship 2019"]
[Site "Ribeira Brava"]
[Date "2019.12.09"]
[Round "7.4"]
[White "Monteiro, Antonio David Cabral"]
[Black "Barros, Luis"]
[Result "0-1"]
[ECO "A17"]
[WhiteElo "1779"]
[BlackElo "1603"]
[Annotator "NA RC"]
[PlyCount "136"]
[EventDate "2019.12.05"]
[EventType "tourn"]
[EventCountry "KAP"]
[SourceTitle "playchess.com"]
[Source "ChessBase"]
[SourceQuality "1"]
[TimeControl "40/5400+30:1800+30"]

1. c4 e6 2. Nc3 Nf6 3. g3 c6 4. e4 d5 5. e5 Nfd7 6. d4 dxc4 7. Bxc4 b5 8. Bf1 Nb6 9. Nf3 Bb7 10. Bg2 Bb4 11. a3 Bxc3+ 12. bxc3 Na4 13. Qc2 c5 14. O-O Nd7 15. Bg5 f6 16. exf6 Nxf6 17. Rfe1 O-O 18. Rad1 c4 19. Re5 Qd7 20. Rde1 Bd5 21. Nh4 Bxg2 22. Nxg2 Ng4 23. R5e2 Rf3 24. Qe4 Raf8 25. Qxg4 Nxc3 26. Qxe6+ Qxe6 27. Rxe6 Rxf2 28. Bf4 Ra2 29. h3 Nd5 30. Bd6 Rc8 31. Bc5 a5 32. Nf4 Nf6 33. Ra6 c3 34. Rxa5 Rb2 35. Nd3 Rd2 36. Nb4 Nh5 37. Rxb5 Nxg3 38. Bd6 Ne2+ 39. Kh1 c2 40. Nxc2 Rcxc2 41. Be5 Rc3 42. Rb8+ Kf7 43. Rb7+ Ke6 44. Rb6+ Kf5 45. Rxe2 Rc1+ 46. Kg2 Rxe2+ 47. Kf3 Rcc2 48. Rb1 Rf2+ 49. Ke3 Rfe2+ 50. Kd3 Rcd2+ 51. Kc4 Ke4 52. a4 Rc2+ 53. Kb5 Rc8 54. a5 Kd5 55. a6 Rxe5 56. dxe5 Rb8+ 57. Ka5 Rxb1 58. a7 Kc5 59. Ka6 Ra1+ 60. Kb7 Kd5 61. a8=Q Rxa8 62. Kxa8 Kxe5 63. Kb7 Kf4 64. Kc6 Kg3 65. Kd5 g5 66. Ke4 Kxh3 67. Kf3 h5 68. Kf2 Kh2 0-1